 Dungeon Crawl Stone Soup version 0.29-a0-344-ge2f44be95a (webtiles) character file.

Game seed: 13991564009250280500

11 spaghetti the Caller (level 2, 13/13 HPs)
             Began as a Vine Stalker Summoner on Apr 22, 2022.
             Quit the game on level 1 of the Dungeon.
             The game lasted 00:01:26 (642 turns).

spaghetti the Caller (Vine Stalker Summoner)         Turns: 642, Time: 00:01:27

Health: 13/13      AC:  6    Str: 10    XL:     2   Next: 29%
Magic:  6/6        EV: 12    Int: 15    God:
Gold:   24         SH:  0    Dex: 14    Spells: 4/5 levels left

rFire   . . .      SeeInvis .   d - +0 dagger {short}
rCold   . . .      Faith    .   (no shield)
rNeg    . . .      Spirit   +   a - +0 robe
rPois   .          Reflect  .   e - +0 helmet
rElec   .          Harm     .   (no cloak)
rCorr   .          Rampage  .   n - +2 pair of gloves
Will    .....                   (no boots)
Stlth   ++........              h - amulet of regeneration {@e2}
HPRegen 0.84/turn               (no ring)
MPRegen 0.10/turn               (no ring)

@: no status effects
A: fangs 2, magic shield, antimagic bite, no potion heal 2
a: no special abilities


You were on level 1 of the Dungeon.
You visited 1 branch of the dungeon, and saw 1 of its levels.

You collected 24 gold pieces.


Innate Abilities, Weirdness & Mutations

You have extremely sharp teeth.
When hurt, damage is shared between your health and your magic reserves.
Your bite disrupts and absorbs the magic of your enemies.
Potions cannot restore your health.


   Skills:
 - Level 1.5 Dodging
 - Level 2.4 Stealth
 - Level 2.1 Spellcasting
 + Level 4.5 Summonings


You had 4 spell levels left.
You knew the following spells:

 Your Spells              Type           Power      Damage    Failure   Level
a - Summon Small Mammal   Summ           60%        N/A       3%          1

Your spell library contained the following spells:

 Spells                   Type           Power      Damage    Failure   Level
 Call Imp                 Summ           15%        N/A       4%          2
 Call Canine Familiar     Summ           15%        N/A       10%         3
 Summon Guardian Golem    Hex/Summ       8%         N/A       26%         3
 Summon Lightning Spire   Summ/Air       8%         N/A       65%         4

Inventory:

Hand Weapons
 d - a +0 dagger (weapon) {short}
   (You took it off a goblin on level 1 of the Dungeon)
Missiles
 c - 29 stones {throwing}
Armour
 a - a +0 robe (worn)
 e - a +0 helmet (worn)
   (You found it on level 1 of the Dungeon)
 n - a +2 pair of gloves (worn)
   (You found it on level 1 of the Dungeon)
Jewellery
 h - an amulet of regeneration (around neck) {@e2}
   (You found it on level 1 of the Dungeon)
Scrolls
 f - a scroll of identify {unknown}
 k - a scroll of enchant weapon {unknown}
 l - a scroll of brand weapon {unknown}
 m - a scroll of teleportation {unknown}
Potions
 b - a potion of magic
 g - a potion of brilliance {unknown}
 i - a potion of haste {unknown}
 j - a potion of resistance {unknown}

Dungeon Overview and Level Annotations

Branches:
Dungeon (1/15)

Altars:

#.#.## ########...####
.. ..............+ .g
########...#########.
#.>###.≈≈8≈≈. #.##
#..≈≈≈. ####.#####....
#........# #.##+#
#.##.###.# #@...#
#.##.# #†# ####.#
#.##.###.## ##.##
#.##......####...######
#.######...........[...
#.# #.#####...######
#.# #.# ##.## #.. ..#
### ####


You could see a hobgoblin (asleep).


Message History

You see here 4 gold pieces.
You hit the bat but do no damage. The bat closely misses you.
The bat barely misses you.
You see here 11 gold pieces.
The bat hits you but does no damage.
You see here a scroll labelled ARAMUGAROU.
The bat closely misses you. The bat barely misses you.
You see here a scroll labelled MUUMAPH RIAD. 😎 MP[+1]
You closely miss the bat. You bite the bat.
You kill the bat!
l - a scroll labelled MUUMAPH RIAD 😎 MP[+1]
Your mp is fully restored (6).
You now have 9 gold pieces (gained 5).
You now have 20 gold pieces (gained 11).
m - a scroll labelled ARAMUGAROU You see here a bat corpse.
You now have 24 gold pieces (gained 4).
You see here a bat corpse.
Key pressed, stopping explore.
Found a pair of runed gloves.
A rat comes into view.
You hit the rat. The rat barely misses you.
You hit the rat but do no damage. Your bite misses the rat.
The rat barely misses you.
You hit the rat but do no damage. Your bite misses the rat.
The rat barely misses you.
You barely miss the rat. You bite the rat.
You kill the rat!
No target in view!
No target in view!
No target in view!
No target in view!
No target in view!
No target in view!
No target in view!
No target in view!
No target in view!
No target in view!
No target in view!
No target in view!
No target in view!
Press: ? - help, . - travel You can't see that place.
Press: ? - help, . - travel, g - get item You can't see that place. [Stash: a pair of runed gloves] [the floor.]
You see here a +2 pair of gloves.
n - a +2 pair of gloves You start putting on your armour.
You continue putting on your +2 pair of gloves. x4
You finish putting on your +2 pair of gloves.
Found a stone staircase leading down.
A bat comes into view.
A bat is nearby!
A bat is nearby!
The helpless bat fails to defend itself.
You puncture the bat!
You kill the bat!
No target in view!
No target in view!
No target in view!
No target in view!
No target in view!
No target in view!
No target in view!
No target in view!
No target in view!
No target in view!
A ball python comes into view.
A ball python is nearby!
A ball python is nearby!
The helpless ball python fails to defend itself.
You puncture the ball python!
You kill the ball python!
No target in view!
No target in view!
No target in view!
No target in view!
No target in view!
Okay, then.
A quokka comes into view.
A quokka is nearby!
A quokka is nearby!
A quokka is nearby!
A ball python comes into view.
The helpless quokka fails to defend itself.
You hit the quokka.
You kill the quokka!
The ball python hisses angrily.
You hit the ball python.
You kill the ball python!
No target in view!
No target in view!
No target in view!
No target in view!
A hobgoblin comes into view.
Are you sure you want to abandon this character and quit the game? (Confirm with "yes".)

Action                   || total
-------------------------++-------
Melee: Dagger            ||    35
       Bite              ||    11
       Unarmed           ||     4
 Stab: Sleeping          ||     6
Armor: Robe              ||    13
Dodge: Dodged            ||    35

Levels and vault maps discovered:
D:1:      dpeg_arrival_erosion, layout_loops_corners, serial_shops, shop,
          moated_statue, minmay_tetromino_t4

Notes
Turn   | Place    | Note
-------+----------+-------------------------------------------
     0 | D:1      | spaghetti the Vine Stalker Summoner began the quest for the
                  | Orb.
     0 | D:1      | Reached XP level 1. HP: 9/9 MP: 4/4
     0 | D:1      | magus.rc [v1.9.6]
   504 | D:1      | Reached XP level 2. HP: 12/13 MP: 4/6
   642 | D:1      | Quit the game

Vanquished Creatures
  5 bats (D:1)
  2 hobgoblins (D:1)
  A quokka (D:1)
  3 ball pythons (D:1)
  A goblin (D:1)
  A rat (D:1)
13 creatures vanquished.

Table legend:
 A = Non-vault XP
 B = Vault XP
 C = Vault XP percentage of total XP
 D = Non-vault monster count
 E = Vault monster count
 F = Vault count percentage of total count
                 A         B        C        D         E       F
            +---------+---------+-------+---------+---------+-------
      Total |      14 |       3 |  17.6 |      11 |       2 |  15.4
            +---------+---------+-------+---------+---------+-------
        D:1 |      14 |       3 |  17.6 |      11 |       2 |  15.4
            +---------+---------+-------+---------+---------+-------

Illustrated notes

Table legend:
 A = Kills in this place as a percentage of kills in entire the game.
 B = Kills by you in this place as a percentage of kills by you in the entire game.
 C = Kills by friends in this place as a percentage of kills by friends in the entire game.
 D = Other kills in this place as a percentage of other kills in the entire game.
 E = Experience gained in this place as a percentage of experience gained in the entire game.
 F = Experience gained in this place divided by the number of levels of this place that you have seen.
                   A       B       C       D       E      F
               +-------+-------+-------+-------+-------+----------------------
         Total | 100.0 | 100.0 |   N/A |   N/A | 100.0 |  17.0
       Dungeon | 100.0 | 100.0 |   N/A |   N/A | 100.0 |  17.0
               +-------+-------+-------+-------+-------+----------------------

Table legend: (Time is in decaauts)
 A = Elapsed time spent in this place.
 B = Non-inter-level travel time spent in this place.
 C = Inter-level travel time spent in this place.
 D = Time resting spent in this place.
 E = Time spent auto-exploring this place.
 F = Levels seen in this place.
 G = Mean time per level.
                   A        B        C        D        E       F      G
               +--------+--------+--------+--------+--------+-----+--------+
         Total |    641 |    630 |     11 |      0 |    496 |   1 |  641.0 |
       Dungeon |    641 |    630 |     11 |      0 |    496 |   1 |  641.0 |
               +--------+--------+--------+--------+--------+-----+--------+

Top non-repeatable levels by time:
     D:1: 641 daAuts
